 Dungeon Crawl Stone Soup version 0.22.1-2-g9c5b331 (webtiles) character file.

107 Monzz the Chopper (level 4, -3/40 HPs)
             Began as a Hill Orc Monk on Jan 2, 2019.
             Was a Believer of Beogh.
             Slain by a scorpion (6 damage)
             ... on level 3 of the Dungeon.
             The game lasted 00:06:23 (1973 turns).

Monzz the Chopper (Hill Orc Monk)                   Turns: 1973, Time: 00:06:24

Health: -3/40      AC:  5    Str: 13    XL:     4   Next: 85%
Magic:  4/4        EV: 11    Int: 10    God:    Beogh [**....]
Gold:   67         SH:  0    Dex: 14    Spells: 3/3 levels left

rFire    . . .     SeeInvis .   g - +0 hunting sling (velocity)
rCold    . . .     Gourm    .   (no shield)
rNeg     . . .     Faith    .   o - +0 ring mail
rPois    .         Spirit   .   (no helmet)
rElec    .         Reflect  .   (no cloak)
rCorr    .         Harm     .   (no gloves)
MR       .....                  (no boots)
Stlth    ++........             (no amulet)
HPRegen  0.13/turn              n - ring of stealth
MPRegen  0.09/turn              (no ring)

@: lethally poisoned (-3 -> -17)
A: no striking features
a: Smiting, Renounce Religion


You were on level 3 of the Dungeon.
You worshipped Beogh.
Beogh was pleased with you.
You were not hungry.

You visited 1 branch of the dungeon, and saw 3 of its levels.

You collected 67 gold pieces.

Inventory:

Hand Weapons
 a - a +0 hand axe
 g - a +0 hunting sling of velocity (weapon)
Missiles
 e - 54 stones (quivered)
Armour
 o - a +0 ring mail (worn)
Jewellery
 n - a ring of stealth (left hand)
Scrolls
 d - 3 scrolls of enchant weapon {unknown}
 f - 3 scrolls of teleportation {unknown}
 h - 3 scrolls of remove curse {unknown}
 k - a scroll of blinking {unknown}
 l - 4 scrolls of identify {unknown}
 m - a scroll of fog {unknown}
 r - a scroll of noise {unknown}
Potions
 b - a potion of haste {unknown}
 i - a potion of lignification {unknown}
 j - 4 potions of curing {unknown}
 p - a potion of invisibility {unknown}
 q - a potion of brilliance {unknown}
Comestibles
 c - 6 rations


   Skills:
 + Level 4.2 Fighting
 + Level 4.3 Axes
 * Level 3.1 Slings
 + Level 2.6 Dodging
 + Level 1.5 Stealth


You had 3 spell levels left.
You didn't know any spells.
Your spell library was empty.

Dungeon Overview and Level Annotations

Branches:
Dungeon (3/15)

Altars:
Okawaru
The Shining One


Message History

You are more poisoned.
The scorpion poisons you!
You are too injured to fight recklessly!
You are too injured to fight recklessly!
You are too injured to fight recklessly!
Firing (i - inventory)
e - 56 stones (quivered)
Press: ? - help, Shift-Dir - straight line, f/p - scorpion
Aim: a scorpion (heavily wounded)
You shoot a stone. The stone closely misses the scorpion.
You feel sick. The scorpion stings you!
* * * LOW HITPOINT WARNING * * *
The scorpion stings you.
* * * LOW HITPOINT WARNING * * *
Firing (i - inventory)
e - 55 stones (quivered)
Press: ? - help, Shift-Dir - straight line, f/p - scorpion
Aim: a scorpion (heavily wounded)
You shoot a stone. The stone barely misses the scorpion.
* * * LOW HITPOINT WARNING * * *
You feel sick. The scorpion stings you.
You die...

## #### ..(.
.....
...(......
#(♣.♣.#..
...(...#
♣l♣.♣.♣.#
..._..s)#
[♣.♣.♣.♣@#
..((.....#
.#.♣.♣.#†####
........(..##
##...#####..#
####
......#.....#
#...
######.#.###.#
#.## #.#.#
#.## #.#
#...##...##.
#)#


You could see a scorpion and a frilled lizard (sleeping).

Vanquished Creatures
  5 adders
  2 dart slugs
  3 leopard geckos (D:1)
  3 orcs (D:3)
  5 giant cockroaches
  9 goblins
  5 hobgoblins
  A ball python (D:1)
  7 bats
  4 frilled lizards
  A jackal skeleton (D:3)
  5 kobolds
  6 rats
56 creatures vanquished.

Vanquished Creatures (others)
  An orc priest (D:3)
1 creature vanquished.

Grand Total: 57 creatures vanquished

Notes
Turn   | Place    | Note
-------+----------+-------------------------------------------
     0 | D:1      | Monzz the Hill Orc Monk began the quest for the Orb.
     0 | D:1      | Reached XP level 1. HP: 19/19 MP: 1/1
   300 | D:1      | Reached XP level 2. HP: 27/27 MP: 2/2
   508 | D:1      | Reached skill level 1 in Slings
   636 | D:1      | Reached XP level 3. HP: 33/33 MP: 3/3
  1129 | D:2      | Reached XP level 4. HP: 40/40 MP: 4/4
  1607 | D:3      | Became a worshipper of Beogh the Brigand
  1607 | D:3      | Reached * piety under Beogh
  1607 | D:3      | Reached ** piety under Beogh
  1704 | D:3      | Found a glowing golden altar of the Shining One.
  1948 | D:3      | Found an iron altar of Okawaru.
  1973 | D:3      | Slain by a scorpion

Skill      XL: |  1  2  3  4 |
---------------+-------------+-----
Slings         | 1 2 3 |  3.1
Fighting       | 4 |  4.2
Axes           | |  4.3
Dodging        | |  2.6
Stealth        | |  1.5

Action                   |  1- 3 |  4- 6 || total
-------------------------+-------+-------++-------
Melee: Hunting sling     |     1 |       ||     1
 Fire: Hunting sling     |   100 |    68 ||   168
Invok: Convert to Beogh  |       |     1 ||     1
  Eat: Chunk             |       |     3 ||     3
Armor: Robe              |     4 |       ||     4
       Ring mail         |       |     7 ||     7
Dodge: Dodged            |    29 |    10 ||    39
